Map: Disco Bloodbath LE

Players

Bioice - Winner!

  • Race: Zerg Zerg
  • Spawn Location: 3:00

Miharu

  • Race: Zerg Zerg
  • Spawn Location: 9:00

VOD

Have the link to the VOD?

Description

Time

  • Played on: Sept. 6, 2019, 3:43 p.m.
  • Length: 10:36
Show
View Real Time Build Order
Export as new Build Order

Bioice Zerg - Winner!

Build Orders: Pool First 

Get SALT Encoding   

  12  0:17  Spawning Pool  
  11  0:22  Drone  
  11  0:27  Drone  
  13  0:33  Drone  
  14  0:39  Overlord  
  14  1:04  Zergling x4  
  14  1:06  Zergling x2, Queen  
  19  1:17  Zergling x2  
  20  1:27  Zergling x2  
  21  1:40  Hatchery  
  21  1:42  Overlord  
  20  1:51  Queen  
  22  2:00  Drone  
  22  2:01  Drone  
  24  2:11  Drone  
  25  2:16  Drone x3  
  28  2:25  Drone  
  27  2:35  Drone  
  28  2:44  Drone  
  29  2:55  Drone x2  
  30  3:04  Drone, Extractor  
  30  3:05  Extractor  
  29  3:09  Drone  
  29  3:17  Drone x4  
  33  3:25  Overlord  
  33  3:26  Drone  
  34  3:30  Drone  
  35  3:37  Evolution Chamber, Roach Warren, Queen  
  35  3:43  Drone x7  
  43  3:55  Evolution Chamber, Drone  
  43  3:56  Drone  
  43  3:58  Extractor  
  43  3:59  Lair  
  42  4:03  Drone  
  42  4:04  Drone  
  42  4:09  Zerg Missile Weapons Level 1  
  44  4:15  Overlord  
  44  4:32  Overlord  
  44  4:39  Drone  
  44  4:40  Drone x3  
  44  4:43  Roach x2  
  52  4:50  Zerg Ground Armor Level 1  
  52  4:51  Roach  
  52  4:52  Roach x2  
  58  4:59  Glial Reconstitution  
  58  5:01  Overlord x2  
  58  5:04  Roach  
  60  5:25  Hatchery  
  60  5:27  Overlord  
  60  5:28  Overlord  
  59  5:35  Overlord x2  
  59  5:46  Roach  
  59  5:47  Roach x7  
  75  5:50  Overlord x2  
  74  5:57  Roach x2  
  74  5:58  Roach  
  80  6:04  Zerg Missile Weapons Level 2  
  80  6:05  Roach  
  80  6:09  Roach x2  
  80  6:11  Roach  
  88  6:12  Roach  
  88  6:13  Overlord  
  90  6:19  Drone  
  91  6:28  Overlord  
  91  6:29  Drone x3  
  95  6:32  Drone  
  95  6:38  Drone x3  
  95  6:39  Drone  
  99  6:43  Drone  
  100  6:49  Ravager  
  100  6:50  Overlord  
  100  6:52  Zerg Ground Armor Level 2  
  101  6:54  Drone  
  101  6:55  Drone x4  
  103  7:01  Drone x2  
  103  7:06  Drone  
  103  7:07  Tunneling Claws  
  89  7:16  Pneumatized Carapace  
  89  7:19  Drone x6  
  89  7:22  Extractor  
  86  7:23  Extractor  
  86  7:24  Extractor  
  84  7:34  Drone x8  
  90  7:40  Roach x4  
  98  7:47  Roach x2  
  102  7:51  Hatchery  
  102  7:55  Overlord  
  101  7:59  Roach x7  
  101  8:05  Burrow  
  115  8:17  Roach  
  115  8:18  Roach x5  
  127  8:24  Overlord x2  
  127  8:25  Overlord x2  
  127  8:26  Roach  
  127  8:27  Roach x3  
  135  8:28  Ravager x2  
  132  8:42  Roach  
  132  8:43  Roach x4  
  132  8:48  Roach x4  
  132  8:51  Roach x4  
  134  8:58  Roach x3  
  131  9:06  Ravager  
  131  9:07  Ravager x2  
  131  9:08  Roach x3  
  136  9:10  Overlord x4  
  136  9:15  Roach  
  136  9:16  Roach  
  138  9:20  Queen  
  138  9:23  Roach x4  
  150  9:31  Roach x7  
  162  9:57  Roach x12  
  162  9:59  Roach  
  190  10:00  Roach  
  190  10:09  Roach x5  
  198  10:15  Roach  
Show
View Real Time Build Order
Export as new Build Order

Miharu Zerg 

Build Orders: Hatch First 

Get SALT Encoding   

  12  0:01  Drone  
  13  0:12  Overlord  
  13  0:16  Drone  
  14  0:31  Drone x2  
  16  0:50  Drone  
  16  0:53  Hatchery  
  16  0:54  Drone  
  17  1:08  Spawning Pool  
  17  1:09  Extractor  
  15  1:13  Drone  
  15  1:17  Drone  
  17  1:20  Drone  
  18  1:28  Drone  
  19  1:38  Overlord  
  19  1:54  Zergling x2  
  19  1:57  Spine Crawler  
  19  1:58  Queen  
  19  2:01  Zergling x2  
  22  2:05  Zergling x2  
  23  2:12  Zergling x2  
  25  2:15  Zergling x2  
  24  2:24  Zergling x2  
  22  2:31  Queen  
  22  3:00  Drone x4  
  22  3:05  Metabolic Boost  
  26  3:09  Drone  
  27  3:19  Drone  
  28  3:20  Overlord  
  28  3:35  Baneling Nest  
  28  3:37  Drone  
  28  3:38  Overlord  
  27  3:46  Drone x3  
  27  3:47  Drone  
  29  3:53  Drone x2  
  31  3:56  Zergling x2  
  31  4:01  Drone x2  
  34  4:06  Drone x2  
  34  4:08  Drone  
  38  4:10  Drone  
  38  4:14  Overlord  
  38  4:27  Drone x2  
  38  4:31  Lair, Roach Warren  
  40  4:32  Drone  
  40  4:36  Drone, Extractor  
  40  4:37  Drone  
  40  4:38  Drone  
  42  4:51  Queen  
  44  4:53  Drone  
  45  5:15  Roach  
  45  5:16  Roach x2  
  45  5:17  Overlord x2  
  50  5:26  Roach  
  50  5:27  Overlord x2  
  52  5:29  Hatchery  
  52  5:34  Drone, Extractor  
  52  5:35  Drone x4  
  55  5:40  Glial Reconstitution  
  55  5:41  Roach  
  57  5:46  Roach  
  57  5:48  Evolution Chamber  
  58  5:57  Roach  
  58  5:58  Roach  
  58  6:01  Roach  
  64  6:07  Queen  
  64  6:09  Roach  
  64  6:11  Roach x4  
  70  6:13  Zerg Missile Weapons Level 1  
  76  6:22  Roach x2  
  80  6:31  Roach  
  82  6:35  Roach  
  84  6:41  Roach x3  
  90  6:53  Overlord x2  
  84  7:03  Roach  
  84  7:04  Roach x4  
  78  7:11  Roach  
  78  7:12  Roach x4  
  80  7:17  Roach  
  80  7:18  Roach  
  78  7:23  Roach  
  78  7:25  Roach  
  78  7:31  Roach  
  78  7:32  Queen x3  
  86  7:40  Roach x3  
  92  7:44  Roach  
  92  7:47  Roach  
  92  7:49  Roach  
  98  7:54  Drone  
  98  7:56  Roach  
  101  8:00  Roach  
  101  8:04  Overseer  
  101  8:05  Roach  
  105  8:13  Overlord x3  
  105  8:20  Overlord  
  105  8:26  Overlord  
  105  8:32  Roach x3  
  109  8:42  Queen x2  
  109  8:43  Queen  
  109  8:44  Roach x2  
  109  8:45  Roach x2  
  107  8:53  Roach x2  
  76  9:05  Drone  
  76  9:06  Drone x8  
  76  9:07  Drone  
  82  9:14  Drone x3  
  85  9:20  Roach  
  85  9:21  Roach  
  89  9:24  Drone  
  89  9:26  Overseer  
  89  9:30  Roach  
  94  9:38  Roach  
  94  9:39  Roach x3  
  94  9:45  Queen  
  102  9:52  Roach  
  104  9:53  Roach x2  
  104  10:09  Roach  
  104  10:10  Roach x4  
Tags
 
Add a new tag
Caveats
  • Supply blocks, unpowered buildings, or Contaminate may cause inaccurate times.
  • Supply counts are checked every 10 seconds.